 Dungeon Crawl Stone Soup version 0.32-a0-876-gcfddb08e57 (webtiles) character file.

Game seed: 15824122384814265016

6873 Fractals the Fighter (level 10, -3/93 HPs)
             Began as a Mountain Dwarf Fighter on Apr 2, 2024.
             Was a Priest of Qazlal.
             Slain by a death yak (17 damage)
             ... on level 1 of the Lair of Beasts.
             The game lasted 00:21:07 (7184 turns).

Fractals the Fighter (Mountain Dwarf Fighter)       Turns: 7184, Time: 00:21:08

Health: -3/93      AC: 15    Str: 21    XL:     10   Next: 78%
Magic:  13/13      EV:  9    Int:  9    God:    Qazlal [***...]
Gold:   544        SH:  9    Dex: 11    Spells: 9/9 levels left

rFire   . . .        x - +3 morningstar
rCold   . . .        c - +0 buckler
rNeg    . . .        a - +1 chain mail
rPois   .            (no helmet)
rElec   .            t - +0 cloak
rCorr   .            (no gloves)
SInv    .            q - +0 pair of boots
Will    +....        o - amulet of regeneration Stlth
                     (no ring)
HPRegen 1.15/turn    (no ring)
MPRegen 0.13/turn

%: no passive effects
@: no status effects
A: runic magic, artefact enchanting
a: Renounce Religion, Upheaval, Elemental Force


You were on level 1 of the Lair of Beasts.
You worshipped Qazlal.
Qazlal was most pleased with you.
You visited 3 branches of the dungeon, and saw 11 of its levels.

You collected 544 gold pieces.

Inventory:

Hand Weapons
 h - a +0 flail of holy wrath
 n - a +4 hand axe of freezing
 x - a +3 morningstar (weapon)
Missiles
 d - a throwing net (quivered)
Armour
 a - a +1 chain mail (worn)
 c - a +0 buckler (worn)
 m - a scarf of shadows
 q - a +0 pair of boots (worn)
 t - a +0 cloak (worn)
Jewellery
 o - an amulet of regeneration (around neck)
Wands
 b - a wand of mindburst (15)
 e - a wand of flame (15)
 p - a wand of polymorph (9)
 u - a wand of charming (23)
Scrolls
 i - a scroll of immolation
 r - a scroll of enchant armour
 s - a scroll of fog
 y - a scroll of vulnerability
 B - a scroll of amnesia {unknown}
Potions
 f - a potion of haste {unknown}
 g - 3 potions of lignification
 k - 4 potions of curing
 l - 2 potions of enlightenment
 v - a potion of invisibility {unknown}
 z - a potion of degeneration {unknown}
 A - a potion of heal wounds {unknown}


   Skills:
 - Level 10.0 Fighting
 - Level 4.5 Axes
 - Level 10.0 Armour
 + Level 6.9 Dodging
 - Level 6.0 Shields
 + Level 5.0 Invocations


You had 9 spell levels left.
You didn't know any spells.
Your spell library contained the following spells:

 Spells                   Type           Power      Damage    Failure   Level
 Apportation              Tloc           0%         N/A       58%         1
 Magic Dart               Conj           0%         1d3       58%         1
 Slow                     Hex            0%         N/A       58%         1
 Cigotuvi's Dreadful Rot  Necr/Alch/Air  0%         N/A       73%         2
 Jinxbite                 Hex            0%         N/A       73%         2
 Searing Ray              Conj           0%         2d4       73%         2
 Static Discharge         Conj/Air       0%         3-3/arc   73%         2
 Confusing Touch          Hex            0%         N/A       91%         3
 Fugue of the Fallen      Necr           0%         N/A       91%         3
 Ozocubu's Armour         Ice            0%         N/A       91%         3
 Vampiric Draining        Necr           0%         2d6       91%         3
 Volatile Blastmotes      Fire/Tloc      0%         2d10      91%         3
 Airstrike                Air            0%         2d(0-16)  100%        4
 Dispel Undead            Necr           0%         3d6       100%        4
 Fulminant Prism          Conj/Alch      0%         3d5       100%        4
 Iskenderun's Mystic Bla Conj/Tloc 0%             2d3        (+2d1     100%        4
 Martyr's Knell           Necr/Summ      0%         N/A       100%        4
 Olgreb's Toxic Radiance  Alch           0%         N/A       100%        4
 Summon Blazeheart Golem  Fire/Summ      0%         N/A       100%        4
 Summon Lightning Spire   Summ/Air       0%         N/A       100%        4
 Alistair's Intoxication  Alch           0%         N/A       100%        5
 Yara's Violent Unravell  Hex/Alch       0%         3d3       100%        5
 Enfeeble                 Hex            0%         N/A       100%        7
 Manifold Assault         Tloc           0%         N/A       100%        7
 Orb of Destruction       Conj           0%         9d5       100%        7
 Ozocubu's Refrigeration  Ice            0%         4d7       100%        7
 Spellforged Servitor     Conj/Summ      0%         N/A       100%        7
 Discord                  Hex            0%         N/A       100%        8


Dungeon Overview and Level Annotations

Branches:
Dungeon (9/15)             Temple (1/1) D:4            Lair (1/5) D:8
    Orc: D:9-12

Altars:
Ashenzari
Cheibriados
Dithmenos
Elyvilon
Fedhas
Gozag
Hepliaklqana
Kikubaaqudgha
Makhleb
Nemelex Xobeh
Okawaru
Qazlal
Ru
Sif Muna
Trog
Uskayaw
Vehumet
Wu Jian
Xom
Yredelemnul
Zin
The Shining One

Portals:
Ice
Cave: Lair:1

Annotations:
D:1 1 runed translucent door
D:3 2 transporters, xianbchi's ghost, amateur OpEn


Innate Abilities, Weirdness & Mutations

Your spellcasting is much less encumbered by armour.
You can use scrolls of enchantment on lesser artefacts.


Message History

The death yak closely misses you.
You sock the death yak!
The death yak is heavily wounded.
The death yak barely misses you.
You hit the death yak but do no damage.
The death yak is heavily wounded.
The death yak gores you!! The death yak closely misses you.
You hit the death yak but do no damage.
The death yak is moderately wounded.
The death yak gores you!
You feel better. You block the death yak's attack.
You are confused.
You feel invigorated. The death yak gores you!!
You bump into the rock wall.
The death yak gores you.
You bump into the rock wall.
The death yak barely misses you.
You closely miss the death yak.
The death yak is moderately wounded.
The death yak barely misses you.
You bump into the rock wall.
The death yak gores you.
You bump into the rock wall.
The death yak closely misses you.
The death yak attacks as it pursues you!
The death yak closely misses you.
You bump into the rock wall.
You feel less invigorated.
You feel less confused. The death yak gores you!!
You hit the death yak but do no damage.
The death yak is moderately wounded.
The death yak gores you. You block the death yak's attack.
You puncture the death yak!
The death yak is heavily wounded.
The death yak gores you!! The death yak gores you.
You puncture the death yak!
The death yak is severely wounded.
The death yak gores you but does no damage.
The death yak gores you!
* * * LOW HITPOINT WARNING * * *
The death yak closely misses you. The death yak gores you.
* * * LOW HITPOINT WARNING * * *
The death yak gores you!
You die...

#P#.#####.............##
......................#
..........######.####†#
..........# ### #.#
..........## ##.#
...........# ### #..#
..........#####.#####.#
................YY....#
##.#########.#.#@######
### #######


You could see 2 death yaks.

Vanquished Creatures
  2 death yaks (Lair:1)
  2 rime drakes
  A komodo dragon (Lair:1)
  A polar bear (D:8)
  3 yaks (D:8)
  A basilisk (Lair:1)
  3 steam dragons
  Menkaure (D:7)
  A water moccasin (D:9)
  8 ice beasts (D:8)
  A black bear (Lair:1)
  4 ogres
  3 wolves (D:8)
  4 centaurs
  4 bullfrogs
  2 gnoll sergeants
  2 scorpions
  8 wights
  A howler monkey (D:9)
  A bombardier beetle (D:6)
  4 hounds
  A jelly (D:6)
  4 orc priests
  2 gnoll boudas
  A sleepcap (D:5)
  4 iguanas
  Natasha (D:2)
  7 orc wizards
  13 gnolls
  6 adders
  4 ufetubi
  6 dart slugs
  A ribbon worm (D:4)
  27 orcs
  3 endoplasms
  5 giant cockroaches
  8 goblins
  6 hobgoblins
  A jackal (D:5)
  A quokka (D:2)
  7 ball pythons
  7 bats
  A frilled lizard (D:2)
  5 kobolds
  6 rats
184 creatures vanquished.

Notes
Turn   | Place    | Note
-------+----------+-------------------------------------------
     0 | D:1      | Fractals the Mountain Dwarf Fighter began the quest for the
                  | Orb.
     0 | D:1      | Reached XP level 1. HP: 19/19 MP: 1/1
     1 | D:1      | Found a runed translucent door.
   148 | D:1      | Reached XP level 2. HP: 26/26 MP: 2/2
   754 | D:2      | Reached XP level 3. HP: 32/33 MP: 3/3
   888 | D:2      | Found a faded altar of an unknown god.
  1258 | D:2      | Reached XP level 4. HP: 40/40 MP: 4/4
  1452 | D:3      | Found an ancient bone altar of Kikubaaqudgha.
  1526 | D:3      | Noticed a small abomination
  1532 | D:3      | Found a transporter.
  1601 | D:3      | Reached XP level 5. HP: 45/47 MP: 5/5
  1618 | D:3      | Found a transporter.
  1674 | D:3      | Noticed xianbchi's ghost (amateur OpEn)
  1730 | D:2      | Reached skill level 5 in Fighting
  1853 | D:3      | Noticed Natasha
  1875 | D:2      | Killed Natasha
  2102 | D:4      | Noticed an ogre
  2102 | D:4      | Noticed a centaur
  2242 | D:4      | Found a staircase to the Ecumenical Temple.
  2258 | Temple   | Entered the Ecumenical Temple
  2303 | Temple   | Became a worshipper of Qazlal Stormbringer
  2320 | D:4      | Killed an ogre
  2321 | D:4      | Reached skill level 5 in Armour
  2321 | D:4      | Reached XP level 6. HP: 35/57 MP: 6/6
  2756 | D:4      | Reached XP level 7. HP: 51/64 MP: 7/7
  2889 | D:5      | Entered Level 5 of the Dungeon
  2980 | D:5      | Found a white marble altar of Elyvilon.
  3006 | D:5      | Found a radiant altar of Vehumet.
  3068 | D:5      | Found a stormy altar of Qazlal.
  3137 | D:5      | Reached skill level 1 in Invocations
  3443 | D:5      | Reached * piety under Qazlal
  3759 | D:5      | Reached XP level 8. HP: 33/74 MP: 11/11
  3974 | D:6      | Reached skill level 1 in Dodging
  3974 | D:6      | Reached skill level 5 in Invocations
  4647 | D:6      | Reached skill level 5 in Shields
  4943 | D:7      | Reached ** piety under Qazlal
  5146 | D:7      | Noticed Menkaure
  5160 | D:7      | Killed Menkaure
  5161 | D:7      | Reached XP level 9. HP: 20/81 MP: 12/12
  5761 | D:8      | Reached skill level 5 in Dodging
  5764 | D:8      | Noticed a rime drake
  5769 | D:8      | Noticed a polar bear
  5833 | D:8      | Killed a rime drake
  5850 | D:8      | Killed a polar bear
  5851 | D:8      | Reached skill level 10 in Fighting
  6030 | D:8      | Reached *** piety under Qazlal
  6090 | D:8      | Found a staircase to the Lair.
  6270 | D:8      | Reached XP level 10. HP: 93/93 MP: 13/13
  6863 | Lair:1   | Entered Level 1 of the Lair of Beasts
  6895 | Lair:1   | Found a frozen archway.
  7057 | Lair:1   | Noticed a death yak
  7058 | Lair:1   | Noticed a death yak
  7058 | Lair:1   | Noticed a death yak
  7069 | Lair:1   | Noticed a death yak
  7111 | Lair:1   | Killed a death yak
  7126 | Lair:1   | Killed a death yak
  7127 | Lair:1   | Reached skill level 10 in Armour
  7184 | Lair:1   | Slain by a death yak

Illustrated notes

Levels and vault maps discovered:
D:1:      dpeg_arrival_caged_fury, layout_loops_ring
D:2:      layout_basic, hellmonk_ecumenical_altar_zigzags, minmay_octomino_c4
D:3:      layout_rooms, mainiacjoe_overflow_small_starburst,
          gammafunk_ghost_abyssal_escape, uniq_natasha
D:4:      layout_basic, minmay_temple_entry_overgrown, minmay_distorted
D:5:      layout_basic, mainiacjoe_overflow_large_starburst,
          minmay_ruined_shrine
D:6:      layout_rooms
D:7:      layout_basic, uniq_menkaure
D:8:      layout_basic, hellmonk_lair_entry_icy
D:9:      layout_gridville, serial_shops, shop_statue
Temple:   compressed_dpeg_triangle_lava_temple
Lair:1:   layout_chaotic_city, portal_ice_cave_entry_pillars_2,
          grunt_forest_large_clearings

Skill      XL: |  1  2  3  4  5  6  7  8  9 10 |
---------------+-------------------------------+-----
Axes           | 3 4 |  4.5
Fighting       | 4 5 6 8 10 | 10.0
Shields        | 4 6 |  6.0
Armour         | 5 7 10 | 10.0
Invocations    | 4 5 |  5.0
Dodging        | 4 5 6 |  6.9

Action                     |  1- 3 |  4- 6 |  7- 9 | 10-12 || total
---------------------------+-------+-------+-------+-------++-------
  Melee: War axe           |    92 |   145 |   150 |       ||   387
         Hand axe          |       |       |   213 |   162 ||   375
         Morningstar       |       |       |       |    11 ||    11
    Use: Scroll            |       |     2 |    10 |     2 ||    14
         Potion            |       |       |     2 |     4 ||     6
 Armour: Scale mail        |    61 |   164 |   134 |       ||   359
         Chain mail        |       |       |   163 |   132 ||   295
         Skin              |       |       |    12 |       ||    12
  Dodge: Dodged            |    57 |    65 |   161 |    74 ||   357
  Block: Buckler           |    23 |    38 |   116 |    94 ||   271

Table legend: (Time is in decaauts)
 A = Elapsed time spent in this place.
 B = Non-inter-level travel time spent in this place.
 C = Inter-level travel time spent in this place.
 D = Time resting spent in this place.
 E = Time spent auto-exploring this place.
 F = Levels seen in this place.
 G = Mean time per level.
                   A        B        C        D        E       F      G
               +--------+--------+--------+--------+--------+-----+--------+
         Total |   7394 |   7055 |    339 |   1082 |   3586 |  11 |  672.2 |
       Dungeon |   6998 |   6659 |    339 |   1058 |   3526 |   9 |  777.6 |
        Temple |     52 |     52 |      0 |      0 |      0 |   1 |   52.0 |
          Lair |    342 |    342 |      0 |     24 |     60 |   1 |  342.0 |
               +--------+--------+--------+--------+--------+-----+--------+

Top non-repeatable levels by time:
     D:5: 1337 daAuts
     D:8: 1169 daAuts
     D:2: 865 daAuts
     D:4: 825 daAuts
     D:7: 771 daAuts
     D:1: 752 daAuts
     D:6: 626 daAuts
     D:3: 597 daAuts
  Lair:1: 342 daAuts
     D:9: 52 daAuts
  Temple: 52 daAuts
